Map: World of Sleepers LE

Players

TIME (Oliveira)

  • Race: Terran Terran
  • League: Master
  • Spawn Location: 1:00

Cham - Winner!

  • Race: Zerg Zerg
  • League: Master
  • Spawn Location: 7:00

Event: NationWars 2019

VOD

Have the link to the VOD?

Description

Time

  • Played on: Nov. 17, 2019, 1:05 p.m.
  • Length: 21:04

All games in this series

Show
View Real Time Build Order
Export as new Build Order

TIME Terran 

Build Orders: Reaper Expand, Hellion Banshee, Mech 

Get SALT Encoding   

  12  0:01  SCV  
  13  0:13  SCV  
  14  0:17  Supply Depot  
  14  0:25  SCV  
  15  0:39  SCV  
  15  0:41  Barracks  
  16  0:43  Refinery  
  16  0:51  SCV  
  17  1:03  SCV  
  18  1:16  SCV  
  19  1:28  Reaper  
  19  1:29  Orbital Command  
  20  1:39  Command Center  
  20  1:48  Supply Depot  
  20  1:54  SCV  
  20  2:00  Marine  
  22  2:06  SCV  
  23  2:12  Factory  
  23  2:18  SCV  
  23  2:22  Barracks Reactor  
  24  2:36  Command Center, SCV  
  25  2:48  SCV  
  26  2:52  Orbital Command  
  26  2:58  Starport  
  26  3:01  SCV  
  26  3:04  Refinery  
  27  3:10  Hellion x2  
  31  3:13  SCV  
  31  3:18  SCV  
  33  3:20  Barracks Tech Lab  
  33  3:25  SCV  
  34  3:30  SCV  
  34  3:32  Hellion x2  
  39  3:37  SCV  
  40  3:42  Banshee  
  40  3:44  SCV  
  44  3:49  SCV  
  44  3:50  Orbital Command  
  44  3:54  Hellion  
  47  3:56  Hellion  
  47  3:57  SCV  
  47  4:01  SCV  
  51  4:03  Supply Depot  
  51  4:08  Marine  
  51  4:09  SCV  
  53  4:13  SCV  
  53  4:15  Hellion  
  56  4:17  SCV, Hellion  
  56  4:21  SCV  
  60  4:25  SCV, Viking  
  60  4:29  SCV  
  64  4:35  Refinery  
  64  4:36  Supply Depot  
  64  4:37  Refinery, SCV  
  65  4:39  Hellion x2  
  65  4:42  Orbital Command  
  69  4:47  Barracks Tech Lab  
  69  4:48  Factory x2  
  69  4:58  SCV x2, Supply Depot  
  71  5:02  Hellion x2  
  73  5:10  SCV x2  
  73  5:11  SCV  
  74  5:16  Armory x2  
  73  5:22  SCV x2  
  73  5:23  SCV  
  73  5:24  Hellion  
  80  5:28  Hellion  
  80  5:29  Supply Depot  
  80  5:34  SCV  
  80  5:35  SCV, Supply Depot  
  82  5:38  Starport Reactor, SCV  
  85  5:51  SCV  
  85  5:52  Supply Depot  
  84  5:59  Supply Depot  
  84  6:00  SCV  
  84  6:02  SCV  
  84  6:03  Thor x2  
  98  6:06  Terran Vehicle Weapons Level 1, Terran Vehicle And Ship Armor Level 1  
  98  6:09  Hellion  
  100  6:13  Engineering Bay  
  100  6:14  Hellion  
  100  6:18  SCV x3  
  105  6:21  Refinery  
  105  6:22  Refinery, Supply Depot  
  105  6:24  Supply Depot  
  105  6:26  Medivac x2  
  105  6:30  SCV x2  
  105  6:32  SCV  
  112  6:35  Hellion  
  114  6:42  SCV  
  114  6:44  Missile Turret x2  
  115  6:47  SCV x2, Factory x2  
  115  6:50  Hellion  
  115  6:53  Siege Tank  
  122  6:58  Thor x2, SCV  
  122  6:59  SCV, Supply Depot  
  124  7:01  Siege Tank  
  124  7:03  Hellion  
  124  7:06  SCV  
  130  7:12  Hellion  
  130  7:13  Supply Depot x2  
  132  7:19  SCV  
  133  7:28  Siege Tank, Hellion  
  138  7:30  SCV  
  138  7:31  Supply Depot  
  138  7:33  Supply Depot  
  139  7:37  Command Center, SCV  
  139  7:40  SCV  
  137  7:47  Factory Reactor  
  137  7:48  Factory Tech Lab  
  137  7:49  Siege Tank  
  137  7:50  Hellion  
  135  7:51  SCV  
  135  7:55  Viking x2  
  135  7:56  Hellion  
  138  8:00  Siege Tank  
  138  8:01  SCV  
  138  8:04  Terran Vehicle Weapons Level 2, Terran Vehicle And Ship Armor Level 2  
  135  8:11  SCV  
  135  8:14  SCV x2  
  135  8:15  Siege Tank  
  135  8:17  Hellion  
  142  8:24  SCV  
  142  8:26  Hellion, SCV x2  
  147  8:28  Hellion, Infernal Pre-Igniter  
  149  8:35  Siege Tank  
  152  8:41  SCV x2  
  152  8:42  SCV  
  152  8:47  Siege Tank  
  158  8:49  Hellion  
  158  8:53  SCV, Hellion x2  
  158  8:55  Siege Tank  
  168  8:56  SCV, Hellion  
  168  8:58  SCV  
  168  9:00  Viking  
  174  9:05  Planetary Fortress  
  174  9:08  Unknown  
  174  9:14  Viking  
  174  9:16  Hellion x2  
  180  9:21  SCV  
  180  9:22  SCV  
  182  9:24  Siege Tank  
  182  9:27  Siege Tank, Supply Depot  
  182  9:29  Hellion x2  
  192  9:36  Siege Tank  
  189  9:44  Widow Mine  
  193  9:46  Hellion  
  193  9:51  Hellion  
  193  9:52  Hellion  
  187  9:54  SCV x2  
  187  9:55  Command Center  
  187  9:56  Siege Tank  
  187  9:59  Siege Tank  
  195  10:06  Hellion  
  197  10:13  Hellion  
  197  10:14  Hellion  
  197  10:18  Siege Tank  
  197  10:19  Hellion  
  169  10:27  Hellion, Viking x2  
  159  10:28  Siege Tank  
  159  10:31  Terran Vehicle Weapons Level 3  
  159  10:32  Hellion  
  159  10:34  Widow Mine  
  164  10:36  Hellion  
  164  10:40  Liberator x2  
  164  10:41  Hellion  
  168  10:44  Terran Vehicle And Ship Armor Level 3  
  168  10:48  Hellion  
  168  10:49  SCV  
  167  10:50  Siege Tank  
  167  10:53  Hellion  
  168  10:59  Hellion  
  168  11:01  SCV  
  168  11:03  Command Center  
  173  11:05  Siege Tank  
  150  11:14  Siege Tank  
  122  11:21  Hellion  
  122  11:22  Hellion  
  122  11:23  Siege Tank, Hellion  
  125  11:26  SCV  
  125  11:31  Hellion  
  128  11:38  Siege Tank  
  131  11:40  Fusion Core, Starport  
  131  11:41  Starport  
  131  11:43  Viking  
  131  11:46  Hellion  
  135  11:47  SCV x2  
  135  11:49  Liberator  
  137  11:54  Hellion x2  
  143  12:01  Hellion  
  143  12:02  Siege Tank x2  
  152  12:17  Hellion  
  152  12:18  Sensor Tower, Hellion  
  152  12:21  Hellion  
  152  12:22  Starport Reactor  
  158  12:23  Starport Tech Lab  
  158  12:24  Missile Turret  
  158  12:27  Planetary Fortress  
  158  12:30  Orbital Command  
  158  12:32  Missile Turret, Liberator x2  
  158  12:35  Hellion  
  158  12:36  Siege Tank  
  163  12:38  Siege Tank  
  166  12:45  Siege Tank  
  166  12:48  Advanced Ballistics  
  175  12:52  Hellion  
  175  12:55  Refinery  
  175  12:56  Refinery  
  175  12:58  Hellion x2  
  181  13:03  Hellion  
  183  13:09  Siege Tank  
  183  13:10  Hellion  
  188  13:17  Siege Tank  
  191  13:31  Siege Tank  
  196  13:34  Hellion x2  
  196  13:35  Liberator  
  196  13:36  Viking  
  196  13:37  Liberator  
  200  13:42  Liberator x2  
  190  13:49  Siege Tank, Liberator  
  190  13:53  Siege Tank, Widow Mine x2  
  148  14:02  Hellion  
  148  14:03  Siege Tank  
  151  14:10  Hellion  
  148  14:17  Liberator  
  148  14:19  Terran Ship Weapons Level 1, Liberator  
  148  14:21  Hellion  
  148  14:22  Hellion  
  153  14:24  Hellion x2  
  153  14:25  Siege Tank, Liberator  
  153  14:27  Command Center  
  154  14:34  Liberator  
  154  14:35  Hellion  
  154  14:37  Hellion x3  
  154  14:38  Hellion x3  
  165  14:52  Viking  
  170  14:55  Hellion x3  
  176  15:00  Liberator, Mag-Field Accelerator  
  176  15:01  Cyclone x3  
  176  15:05  Command Center  
  179  15:08  Unknown  
  179  15:11  Hellion  
  141  15:14  Hellion  
  141  15:20  Hellion x2  
  121  15:22  Liberator x4  
  121  15:26  Hellion x2  
  116  15:33  Cyclone x2  
  120  15:38  Cyclone  
  134  15:47  Hellion  
  134  15:48  Liberator, Hellion  
  134  15:49  Hellion  
  140  15:53  Hellion  
  142  16:03  SCV x4  
  140  16:04  Liberator  
  140  16:05  Cyclone  
  140  16:06  Cyclone, Liberator  
  140  16:10  Hellion x2  
  153  16:14  Missile Turret  
  153  16:15  Missile Turret  
  153  16:18  Cyclone  
  156  16:20  Hellion  
  156  16:22  Missile Turret  
  164  16:28  Hellion  
  164  16:29  Liberator  
  164  16:31  Hellion  
  164  16:32  Missile Turret  
  168  16:34  Missile Turret  
  168  16:35  Hellion  
  168  16:43  Cyclone  
  168  16:49  Cyclone  
  168  16:50  Cyclone  
  168  16:51  Hellion  
  168  16:54  Viking x2  
  180  16:56  Terran Ship Weapons Level 2  
  180  17:00  Planetary Fortress  
  180  17:03  Command Center  
  180  17:08  Unknown  
  179  17:16  Liberator  
  179  17:19  Liberator  
  179  17:20  Cyclone  
  156  17:23  Cyclone x2  
  156  17:24  Hellion  
  156  17:26  Liberator  
  162  17:52  Cyclone  
  162  17:54  Hellion x2  
  162  17:55  Liberator x2, Cyclone  
  172  18:03  Liberator  
  172  18:09  Liberator, Cyclone  
  177  18:24  Cyclone  
  177  18:25  Widow Mine  
  134  18:27  Cyclone  
  134  18:28  Hellion x2  
  134  18:31  Hellion  
  128  18:41  SCV  
  128  18:45  Cyclone  
  128  18:46  Hellion  
  128  18:50  Hellion  
  128  18:55  Hellion  
  132  18:56  SCV  
  132  18:59  SCV  
  134  19:06  Cyclone  
  137  19:13  Hellion  
  139  19:17  Cyclone  
  142  19:26  Missile Turret  
  142  19:28  Missile Turret  
  142  19:30  Cyclone  
  145  19:37  Hellion x2  
  149  19:41  SCV  
  149  19:42  SCV  
  149  19:45  Cyclone  
  151  19:55  Hellion  
  151  19:59  Liberator  
  152  20:03  Liberator  
  152  20:07  Hellion x2  
  152  20:08  Cyclone  
  152  20:09  Refinery x2  
  165  20:29  Hellion x2  
  165  20:34  Hellion  
Show
View Real Time Build Order
Export as new Build Order

Cham Zerg - Winner!

Build Orders: Hatch First, Muta Ling Bane 

Get SALT Encoding   

  12  0:01  Drone  
  13  0:08  Drone  
  14  0:16  Overlord  
  14  0:35  Drone x2  
  16  0:48  Hatchery  
  15  0:51  Drone  
  15  0:55  Drone  
  17  0:59  Drone  
  18  1:09  Extractor  
  17  1:13  Spawning Pool  
  17  1:17  Drone  
  17  1:23  Drone  
  18  1:30  Drone  
  19  1:41  Drone  
  20  1:51  Drone  
  21  2:00  Queen x2  
  21  2:01  Zergling x2  
  26  2:02  Zergling x2  
  27  2:15  Hatchery  
  26  2:21  Overlord  
  26  2:24  Drone  
  26  2:29  Drone  
  28  2:35  Overlord  
  28  2:44  Metabolic Boost  
  28  2:45  Queen  
  28  2:47  Drone  
  28  2:49  Drone  
  32  2:53  Overlord  
  32  2:57  Drone  
  33  2:59  Drone  
  33  3:02  Drone  
  35  3:10  Drone x3  
  35  3:12  Drone x2  
  40  3:17  Overlord  
  40  3:19  Drone  
  41  3:20  Drone  
  41  3:26  Queen  
  44  3:32  Queen  
  46  3:35  Overlord  
  46  3:37  Drone  
  47  3:42  Zergling x4  
  47  3:43  Zergling x2  
  47  3:44  Zergling x2  
  47  3:47  Zergling x2  
  47  3:48  Zergling x2  
  53  3:49  Drone  
  53  3:54  Overlord  
  54  3:59  Queen  
  54  4:01  Drone x2  
  54  4:02  Drone  
  59  4:05  Drone  
  60  4:11  Drone x3  
  60  4:12  Drone x2  
  65  4:18  Drone x2  
  65  4:19  Lair  
  65  4:23  Unknown  
  66  4:24  Overlord  
  66  4:25  Drone  
  67  4:31  Drone  
  67  4:32  Drone x4  
  67  4:36  Queen  
  74  4:41  Overlord  
  74  4:42  Drone x2  
  74  4:45  Drone  
  77  4:48  Drone x4  
  81  4:54  Baneling Nest, Drone x2  
  81  4:59  Queen  
  82  5:01  Spore Crawler  
  82  5:02  Spore Crawler  
  82  5:03  Zergling x4  
  82  5:06  Evolution Chamber  
  83  5:12  Drone x2  
  83  5:13  Drone  
  83  5:15  Spore Crawler  
  83  5:18  Drone x2  
  84  5:25  Spore Crawler  
  84  5:26  Extractor x2, Drone  
  84  5:27  Spire, Overseer  
  82  5:28  Drone x3  
  82  5:29  Drone  
  82  5:30  Drone  
  82  5:31  Drone  
  82  5:35  Extractor  
  86  5:40  Zergling x2  
  86  5:42  Zergling x2  
  88  5:43  Roach Warren  
  88  5:44  Overlord x3  
  87  5:51  Baneling x4  
  87  5:55  Hatchery, Overseer  
  86  5:59  Overlord  
  86  6:04  Drone x2  
  86  6:07  Overlord  
  88  6:12  Drone x2  
  88  6:17  Evolution Chamber  
  89  6:18  Evolution Chamber  
  89  6:24  Centrifical Hooks  
  88  6:25  Drone  
  88  6:26  Drone x12  
  101  6:35  Overlord  
  101  6:38  Overlord  
  101  6:41  Mutalisk x2  
  101  6:42  Mutalisk x3  
  111  6:47  Mutalisk  
  111  6:51  Zerg Missile Weapons Level 1  
  113  6:54  Baneling x3  
  113  6:55  Zergling x14  
  113  6:57  Glial Reconstitution  
  113  7:00  Roach  
  122  7:04  Overlord  
  122  7:06  Zerg Ground Armor Level 1  
  122  7:09  Overlord  
  122  7:10  Roach x2  
  122  7:13  Drone x2  
  128  7:18  Overlord  
  128  7:22  Roach x2  
  134  7:23  Roach  
  134  7:24  Baneling x6, Hatchery  
  134  7:26  Roach  
  134  7:28  Roach  
  134  7:29  Roach, Zergling x2  
  140  7:31  Overlord  
  140  7:32  Roach  
  140  7:35  Overlord  
  142  7:44  Roach x2  
  142  7:45  Roach x3  
  142  7:48  Roach x3  
  142  7:49  Overlord  
  142  7:50  Drone x3  
  161  7:52  Drone x2  
  161  7:57  Overlord  
  163  7:59  Drone x2  
  163  8:00  Overlord  
  163  8:01  Drone x2  
  167  8:08  Overlord  
  167  8:10  Roach, Drone x2  
  169  8:14  Infestation Pit  
  169  8:19  Extractor  
  167  8:20  Extractor  
  167  8:23  Zergling x10  
  169  8:33  Overlord  
  169  8:34  Zergling x6  
  169  8:36  Hatchery  
  169  8:40  Drone x2  
  169  8:41  Zergling x2, Drone  
  174  8:42  Spine Crawler  
  174  8:43  Baneling x2, Ravager x2  
  174  8:44  Ravager  
  174  8:47  Zerg Missile Weapons Level 2  
  177  8:52  Zergling x16  
  181  8:58  Zergling x4  
  181  8:59  Zergling x8  
  181  9:02  Hive  
  187  9:04  Zergling x4  
  187  9:05  Baneling x6, Ravager  
  187  9:06  Baneling x5  
  187  9:09  Spore Crawler, Unknown  
  188  9:10  Spine Crawler, Drone x3  
  188  9:14  Zergling x2  
  191  9:17  Zergling x2  
  191  9:18  Zergling x2  
  191  9:19  Zergling x2  
  191  9:20  Zergling x2  
  191  9:22  Zergling x2, Corruptor, Overlord  
  198  9:24  Pneumatized Carapace  
  198  9:28  Zergling x4  
  198  9:41  Zergling x2  
  199  9:51  Zergling x2  
  199  9:52  Zergling x26  
  199  9:58  Baneling x20  
  196  10:21  Roach x14  
  170  10:22  Roach x4  
  170  10:23  Roach  
  170  10:26  Roach  
  170  10:27  Roach x2  
  152  10:36  Viper x2  
  152  10:37  Ultralisk Cavern  
  152  10:38  Roach x3  
  152  10:39  Ravager x2  
  152  10:40  Ravager  
  152  10:41  Zergling x6  
  163  10:43  Ravager  
  163  10:44  Ravager x6  
  163  10:45  Ravager  
  163  10:46  Zergling x2  
  163  10:47  Zergling x2  
  172  10:54  Zergling x10  
  172  10:56  Ravager x3  
  178  10:57  Zergling x4  
  178  11:02  Zergling x6  
  131  11:23  Drone x5  
  131  11:24  Chitinous Plating  
  132  11:29  Ultralisk x2  
  132  11:30  Zergling x20  
  154  11:34  Extractor, Drone x4  
  154  11:36  Extractor  
  156  11:41  Baneling x12  
  156  11:42  Baneling x3, Zergling x10  
  156  11:46  Overseer  
  161  11:48  Hatchery  
  161  11:49  Zergling x4  
  161  11:51  Zergling x4  
  164  12:06  Ultralisk  
  164  12:07  Ultralisk  
  164  12:08  Zergling x16  
  183  12:14  Hatchery  
  183  12:16  Ultralisk, Zergling x4  
  183  12:21  Drone  
  183  12:22  Drone x2  
  194  12:27  Spine Crawler x2  
  194  12:28  Spine Crawler, Burrow  
  194  12:29  Ultralisk  
  197  12:30  Zergling x4  
  197  12:34  Zergling x2  
  197  12:37  Baneling x8  
  199  12:43  Anabolic Synthesis  
  199  12:51  Baneling x5  
  199  12:52  Baneling  
  199  12:54  Baneling  
  199  12:55  Baneling x2  
  199  12:58  Zerg Ground Armor Level 2  
  199  13:02  Zerg Melee Weapons Level 1  
  197  13:35  Hatchery  
  197  13:41  Extractor  
  195  13:42  Spine Crawler  
  195  13:45  Extractor  
  153  13:56  Corruptor x11  
  153  13:58  Zergling x36  
  190  14:11  Corruptor  
  190  14:14  Roach x2  
  196  14:17  Overlord x2  
  196  14:18  Overlord x3  
  196  14:20  Overlord  
  196  14:21  Zerg Flyer Armor Level 1  
  196  14:24  Overlord  
  196  14:28  Overlord  
  196  14:32  Overlord x4  
  196  14:39  Overlord  
  196  14:41  Baneling  
  196  14:42  Baneling x22  
  196  14:48  Baneling  
  196  14:49  Baneling x8  
  196  14:58  Zergling x6  
  196  14:59  Zergling x2  
  170  15:17  Ultralisk x3, Zergling x2  
  170  15:18  Zergling x40  
  170  15:28  Ultralisk  
  170  15:29  Zergling x6  
  170  15:32  Roach x2  
  170  15:34  Roach  
  185  15:36  Roach x2  
  185  15:37  Roach  
  185  15:40  Drone x2  
  185  15:41  Drone  
  185  15:42  Drone x3  
  196  15:43  Roach  
  196  15:46  Zergling x2  
  199  15:52  Baneling  
  199  15:53  Baneling x15  
  199  16:02  Baneling x5  
  199  16:03  Baneling x10  
  199  16:15  Baneling x4  
  199  16:16  Zerg Flyer Weapons Level 1, Zerg Ground Armor Level 3  
  199  16:17  Zerg Melee Weapons Level 2  
  199  16:21  Baneling x7  
  192  16:48  Corruptor  
  192  16:49  Corruptor x3  
  199  16:54  Spine Crawler  
  199  16:55  Spine Crawler  
  199  16:56  Spine Crawler  
  199  16:57  Spore Crawler  
  199  16:58  Spore Crawler x2  
  189  17:03  Zergling x2  
  189  17:04  Zergling x18  
  187  17:29  Zergling x12  
  181  17:30  Zergling x4  
  181  17:31  Zergling x34  
  181  17:33  Zergling x6  
  181  17:36  Baneling  
  197  17:37  Baneling x5  
  197  17:38  Baneling x10  
  197  17:45  Drone x2  
  199  17:59  Baneling x4  
  199  18:00  Zergling x2  
  199  18:02  Nydus Network  
  199  18:03  Baneling x13  
  199  18:04  Baneling x2  
  199  18:05  Baneling, Zergling x6  
  198  18:07  Zergling x2, Corruptor  
  147  18:29  Corruptor x3  
  147  18:30  Zergling x36  
  147  18:32  Baneling x8  
  147  18:33  Baneling x5, Zergling x2  
  147  18:34  Zergling x4  
  158  18:46  Corruptor x2  
  158  18:47  Corruptor x2  
  134  18:57  Nydus Canal  
  134  19:01  Ultralisk  
  140  19:05  Ultralisk  
  140  19:08  Zergling x8  
  150  19:16  Nydus Canal  
  150  19:23  Corruptor x4  
  158  19:25  Zergling x4  
  158  19:26  Zergling x2  
  158  19:31  Nydus Canal  
  161  19:33  Zergling x2  
  162  19:39  Baneling  
  162  19:40  Baneling x8  
  162  19:41  Zergling x16  
  162  19:42  Zergling x2  
  171  19:50  Corruptor x2  
  175  19:58  Zergling x12  
  175  19:59  Zergling x10  
  185  20:07  Zergling x14  
  192  20:17  Baneling  
  192  20:18  Baneling x9  
  192  20:19  Zergling x14  
  199  20:33  Baneling x6  
Tags
 
Add a new tag
Caveats
  • Supply blocks, unpowered buildings, or Contaminate may cause inaccurate times.
  • Supply counts are checked every 10 seconds.